 Dungeon Crawl Stone Soup version 0.24-a0-537-g2d01d4ab0a (webtiles) character file.

Game seed: 17813064545799690414

2249897 Arang the Slayer (level 27, 314/314 HPs)
             Began as a Demonspawn Berserker on Aug 11, 2019.
             Was the Champion of Trog.
             Escaped with the Orb
             ... and 4 runes!
             The game lasted 04:59:53 (78702 turns).

Arang the Slayer (Demonspawn Berserker)            Turns: 78702, Time: 04:59:53

Health: 314/314    AC: 41    Str: 31    XL:     27
Magic:  39/39      EV:  8    Int:  4    God:    Trog [******]
Gold:   8274       SH: 36    Dex: 25    Spells: 26/26 levels left

rFire    + + +     SeeInvis +   a - +9 broad axe (chop)
rCold    + + +     Gourm    .   f - +18 shield of the Gong {rElec rN+ MR+ EV-5}
rNeg     + + +     Faith    +   k - +5 gold dragon scales
rPois    +         Spirit   +   t - +1 hat
rElec    +         Reflect  .   g - +2 cloak {+Inv}
rCorr    .         Harm     .   K - +1 pair of gloves
MR       ++++.                  (boots unavailable)
Stlth    ..........             Q - amulet of Siwesaar {Faith rElec rPois rN+ Str+4 Int-4}
HPRegen  0.62/turn              S - ring of Onool {rElec rF+ rN+ Dex+4 SInv}
MPRegen  0.52/turn              M - ring of the Amoeba {rC+ MR+ MP+9 Int-3 Dex+7}

@: no status effects
A: hooves 3, horns 1, icy blue scales 3, deterioration 1, fire resistance 1,
robust 3, spiny 3, wild magic 1, evolution 1, magic shield, magic regeneration,
magic link
0: Orb of Zot
}: 4/15 runes: decaying, silver, abyssal, gossamer
a: Berserk, Trog's Hand, Brothers in Arms, Renounce Religion, Evoke Invisibility


You escaped.
You worshipped Trog.
Trog was exalted by your worship.
You were not hungry.

You visited 11 branches of the dungeon, and saw 53 of its levels.
You visited the Abyss 1 time.
You also visited: Trove.

You collected 9336 gold pieces.
You spent 1062 gold pieces at shops.

Inventory:

Hand Weapons
 a - a +9 broad axe of chopping (weapon)
 b - a +8 antimagic broad axe
 E - a +7 broad axe of freezing
Missiles
 d - 20 curare-tipped darts
 j - 17 boomerangs of dispersal
 w - 9 throwing nets
 x - 30 boomerangs
 y - 4 javelins (quivered)
 B - 40 silver javelins
Armour
 f - the +18 shield of the Gong (worn) {rElec rN+ MR+ EV-5}
   (You took it off a deep elf mage on level 3 of the Elven Halls)

   It affects your evasion (-5).
   It insulates you from electricity.
   It protects you from negative energy.
   It affects your resistance to hostile enchantments.
 g - a +2 cloak of invisibility (worn)
 k - +5 gold dragon scales (worn)
 n - a +0 cloak of magic resistance
 s - the +0 hat of Okawaru {-Tele rElec rC+ Int+4}
   (You found it in a treasure trove)

   It affects your intelligence (+4).
   It protects you from cold.
   It insulates you from electricity.
   It prevents most forms of teleportation.
 t - a +1 hat (worn)
 K - a +1 pair of gloves (worn)
Jewellery
 h - an uncursed ring of resist corrosion
 M - the ring of the Amoeba (right hand) {rC+ MR+ MP+9 Int-3 Dex+7}
   (You found it on level 3 of the Depths)

   [ring of protection from magic]

   It affects your intelligence (-3).
   It affects your dexterity (+7).
   It protects you from cold.
   It affects your resistance to hostile enchantments.
   It affects your magic capacity (+9).
 P - an uncursed ring of magical power {unknown}
 Q - the amulet of Siwesaar (around neck) {Faith rElec rPois rN+ Str+4 Int-4}
   (You found it on level 12 of the Dungeon)

   [amulet of faith]

   It allows you to gain divine favour quickly.
   It affects your strength (+4).
   It affects your intelligence (-4).
   It insulates you from electricity.
   It protects you from poison.
   It protects you from negative energy.
 S - the ring of Onool (left hand) {rElec rF+ rN+ Dex+4 SInv}
   (You found it on level 12 of the Dungeon)

   [ring of protection from fire]

   It affects your dexterity (+4).
   It protects you from fire.
   It insulates you from electricity.
   It protects you from negative energy.
   It lets you see invisible.
Wands
 D - a wand of digging (4)
 H - a wand of acid (49)
 T - a wand of iceblast (46)
 X - a wand of clouds (5)
Scrolls
 i - 21 scrolls of remove curse
 z - 17 scrolls of teleportation
 C - 5 scrolls of magic mapping
 I - 11 scrolls of blinking
 J - 6 scrolls of fog
 N - 5 scrolls of immolation
 O - 5 scrolls of identify
 R - 2 scrolls of fear
 U - 3 scrolls of summoning
 Y - a scroll of silence
Potions
 e - 7 potions of lignification
 l - 10 potions of magic
 o - 9 potions of curing
 p - 4 potions of cancellation
 r - 6 potions of heal wounds
 u - 10 potions of flight
 v - 2 potions of haste
 F - 9 potions of might
 G - 10 potions of brilliance
 L - 2 potions of ambrosia
 V - 2 potions of agility
 Z - a potion of resistance
Miscellaneous
 m - a lamp of fire
 q - 3 boxes of beasts
 A - a phantom mirror
Comestibles
 c - 53 rations


   Skills:
 + Level 25.4 Fighting
 - Level 17.9(18.0) Axes
   Level 0.6(12.1) Polearms
 * Level 20.7 Throwing
 - Level 22.0 Armour
 - Level 6.8 Dodging
 - Level 4.0 Stealth
 - Level 18.9 Shields
 - Level 1.3 Unarmed Combat
 * Level 10.3 Evocations


You had 26 spell levels left.
You didn't know any spells.
Your spell library was empty.

Dungeon Overview and Level Annotations

Branches:
Dungeon (15/15)            Temple (0/1) D:7            Lair (6/6) D:10
  Swamp (4/4) Lair:4       Spider (4/4) Lair:3        Slime (0/5) Lair:6
    Orc (2/2) D:11            Elf (3/3) Orc:2        Vaults (5/5) D:13
  Crypt (3/3) Vaults:2       Tomb (0/3) Crypt:3      Depths (5/5) D:15
   Hell (1/1)                 Zot (5/5) Depths:5
    Dis: Hell:1         Geh: Hell:1         Coc: Hell:1         Tar: Hell:1

Altars:
Ashenzari
Cheibriados
Elyvilon
Fedhas
Gozag
Hepliaklqana
Kikubaaqudgha
Nemelex Xobeh
Okawaru
Qazlal
Ru
Sif Muna
Uskayaw
Vehumet
Wu Jian
Yredelemnul
The Shining One
Beogh

Shops:
Orc:2 %*}(   Elf:1 [   Elf:2 =   Vaults:3 =   Depths:3 *[   Depths:4 ?(%

Portals:
Hell: Depths:1 Depths:2 Depths:3 Depths:4 Depths:5
Abyss: Depths:1 Depths:2 Depths:4
Pandemonium: Orc:2 Depths:3 Depths:4
Ziggurat: Depths:5

Annotations:
D:8 exclusion: downstairs
D:12 1 runed translucent door
Vaults:2 6 runed translucent doors
Depths:5 exclusion: shining eye
Zot:2 exclusion: downstairs
Zot:3 1 exclusion


Innate Abilities, Weirdness & Mutations

You have hooves in place of feet.
You are completely covered in icy blue scales. (AC +4, rC+)
You are extremely robust. (+30% HP)
You are completely covered in sharp spines.
When hurt, damage is shared between your health and your magic reserves.
You regenerate magic rapidly.
When low on magic, you restore magic in place of health.
You have a pair of small horns on your head.
Your body sometimes deteriorates upon taking damage.
Your flesh is heat resistant. (rF+)
Your spells are a little harder to cast, but a little more powerful.
You evolve.


Message History

There is a stone staircase leading down here.
There is a stone staircase leading up here.
You climb upwards.
There is a stone staircase leading down here.
There is a stone staircase leading up here.
You climb upwards.
There is a stone staircase leading down here.
There is a stone staircase leading up here.
You climb upwards.
There is a stone staircase leading down here.
There is an open door here.
There is an open door here.
There is a stone staircase leading up here.
You climb upwards.
There is a stone staircase leading down here.
A shadow demon comes into view.
You see here a +0 club.
There is an open door here.
There is a staircase leading out of the dungeon here.
You have escaped!

.............# #2##...# #.# #..#
......##########.###..# #.# #...
......# #2..##..# #.####..#
......# #...##..###........
......# #...###>..#####.###
......# ##...#####..........
......########..♣..##########.#.#
........##.............##.....#.#
......#.+.....♣.@.♣.....+.###.#.#
......####.............##.....#.#
......# #####.)♣..######...#.#.#
.###### ##...### #..##.#.# .#
#...#.#####..##.#.# .#
#...#........##.#.# .#
#...#.####.#.^..#.# .#
##.##.####.#.####.# .#
#'#.......#......#


You could see a shadow demon.

Vanquished Creatures
  2 ancient liches (Zot:5)
  2 orbs of fire (Zot:5)
  Mara (Vaults:3)
  2 juggernauts
  Sojobo (Depths:2)
  Boris (twice) (Vaults:3 Crypt:1)
  Bai Suzhen (Elf:3)
  3 Killer Klowns
  Saint Roka (Depths:4)
  Xtahua (Vaults:3)
  Margery (Depths:3)
  4 curse toes
  The ghost of Majang the Deadly Accurate, an adept OgHu of Cheibriados (Vaults:3)
  Nikola (Swamp:1)
  10 golden dragons
  2 profane servitors
  The ghost of SilverFang the Fencer, a veteran HuFi of Elyvilon (Vaults:2)
  Geryon (Hell)
  A bone dragon (Crypt:3)
  the Enchantress (Depths:3)
  2 electric golems (Zot:5)
  16 tentacled monstrosities
  15 Orb Guardians
  2 titans (Vaults:5)
  4 liches
  Asterion (Elf:2)
  A deep elf blademaster (Elf:3)
  A deep elf master archer (Elf:3)
  4 acid blobs (Zot:3)
  6 quicksilver dragons
  2 sphinxes (Vaults:5)
  4 death cobs
  Gastronok (D:10)
  2 ancient champions (Crypt:1)
  4 thorn hunters
  7 shadow dragons
  10 tengu reavers
  13 storm dragons
  5 revenants
  Roxanne (D:15)
  Donald (Swamp:3)
  4 draconian monks
  12 fire giants
  2 iron dragons
  11 frost giants
  8 deep elf sorcerers
  22 vault wardens
  7 draconian scorchers
  6 draconian shifters
  Louise (Depths:4)
  3 emperor scorpions
  5 draconian knights
  7 ghost moths
  2 orc warlords
  3 curse skulls
  15 ironheart preservers
  A war gargoyle (Hell)
  2 reapers
  7 ghouls
  8 entropy weavers
  32 very ugly things
  A juggernaut zombie (Depths:1)
  5 draconian annihilators
  3 draconian stormcallers
  5 deep elf elementalists (Elf:3)
  3 green draconians
  4 spriggan defenders (Depths:3)
  19 stone giants
  4 black draconians
  8 deep elf demonologists
  4 vampire knights
  11 purple draconians
  14 white draconians
  17 yellow draconians
  A dire elephant (D:15)
  9 deep elf annihilators
  7 red draconians
  7 spark wasps
  26 ettins
  12 eidola
  Snorg (Lair:4)
  14 deep elf death magi
  A blizzard demon (Depths:1)
  A mummy priest (Crypt:3)
  8 fire dragons
  22 yaktaur captains
  2 green deaths
  8 jiangshi
  3 deep elf high priests
  Erolcha (D:13)
  10 ice dragons
  Harold (D:8)
  10 spriggan air magi
  9 great orbs of eyes
  A naga warrior (Abyss:3)
  3 rakshasas
  3 shambling mangroves
  A catoblepas (Depths:2)
  3 ghost crabs
  23 hydras
  40 vault guards
  69 two-headed ogres
  23 ogre magi
  7 alligators
  A two-headed ogre (shapeshifter) (Depths:5)
  26 dancing weapons
  4 death knights
  10 centaur warriors
  9 deep troll earth magi
  2 merfolk aquamancers (Depths:3)
  11 deep troll shamans
  A satyr (Abyss:3)
  10 death yaks
  5 orc high priests (Orc:2)
  3 vampire magi
  7 tengu warriors
  5 spriggan berserkers
  Urug (Lair:5)
  2 soul eaters
  13 hell knights
  18 deep elf knights
  6 iron trolls
  2 wretched stars (Abyss:3)
  4 sun demons
  A shadow wraith (Vaults:5)
  26 skeletal warriors
  3 spriggan druids
  An anaconda zombie (Crypt:3)
  An infernal demonspawn (Orc:2)
  5 flayed ghosts
  5 glowing orange brains
  An unseen horror (shapeshifter) (Vaults:1)
  A glowing orange brain (shapeshifter) (Vaults:5)
  6 wizards
  25 deep trolls
  A storm dragon skeleton (Crypt:2)
  A ghost moth zombie (Crypt:3)
  2 gelid demonspawn (Orc:2)
  A death drake (shapeshifter) (Depths:4)
  3 unseen horrors
  A swamp dragon (shapeshifter) (Depths:2)
  A lindwurm (shapeshifter) (Vaults:5)
  14 deep elf archers
  9 swamp dragons
  2 shadow dragon zombies (Crypt:3)
  19 ironbrand convokers
  15 orc knights
  A tengu zombie (Vaults:4)
  2 obsidian statues
  2 wolf spider zombies
  58 deep elf magi
  An iron dragon zombie (Crypt:3)
  An oklob plant (Zot:3)
  43 ugly things
  26 phantasmal warriors
  3 manticores
  8 necromancers
  A tengu skeleton (Vaults:4)
  24 orb spiders
  An orb spider (shapeshifter) (Vaults:4)
  10 orc sorcerers
  A stone giant zombie (Crypt:3)
  46 wolf spiders
  8 cyclopes
  A sphinx skeleton (Vaults:4)
  3 worldbinders (Abyss:3)
  67 slime creatures
  A frost giant skeleton (Vaults:4)
  2 fire giant zombies (Crypt:3)
  A frost giant zombie (Crypt:3)
  An iron dragon skeleton (Crypt:1)
  22 moths of wrath
  Maurice (D:9)
  9 elephants
  A salamander (shapeshifter) (Depths:5)
  4 centaur zombies
  A dire elephant zombie (Crypt:3)
  19 vault sentinels
  6 rust devils
  A naga mage (Abyss:3)
  2 smoke demons
  A water nymph (Abyss:3)
  4 black mambas
  16 spiny frogs
  2 orange demons
  3 gargoyles
  A grey draconian zombie (Crypt:1)
  2 torpor snails
  2 kobold demonologists
  A hellion (Depths:1)
  A spiny frog (shapeshifter) (Vaults:1)
  An iron troll zombie (Crypt:1)
  A komodo dragon (shapeshifter) (Vaults:4)
  An efreet (Abyss:3)
  An emperor scorpion zombie (Crypt:3)
  45 yaktaurs
  2 minotaur zombies (Crypt:1)
  2 yaktaurs (shapeshifter)
  11 freezing wraiths
  2 guardian mummies (Crypt:3)
  12 demonic crawlers
  6 komodo dragons
  5 tengu conjurers
  2 ancient zymes (Abyss:3)
  35 jumping spiders
  5 polar bears (Lair:6)
  29 hornets
  13 trolls
  3 meliai (D:15)
  9 tyrant leeches
  Prince Ribbit (D:7)
  2 merfolk (Depths:3)
  17 bog bodies
  A deep troll zombie (Depths:1)
  A blink frog (shapeshifter) (Depths:5)
  15 blink frogs
  A fire dragon zombie (Crypt:3)
  2 dream sheep (Lair:6)
  11 hippogriffs
  A tarantella zombie (Crypt:2)
  A dream sheep (shapeshifter) (Depths:5)
  A frost giant simulacrum (Depths:1)
  A raiju (Abyss:3)
  A spriggan zombie (Depths:1)
  A raiju (shapeshifter) (Vaults:5)
  An ettin zombie (Crypt:3)
  A black mamba zombie (Crypt:3)
  4 flying skulls (Crypt:1)
  22 spriggans
  47 yaks
  An air elemental (Elf:2)
  2 wyverns
  86 redbacks
  4 large abominations
  24 tarantellas
  2 centaur simulacra (D:12)
  5 shadows
  12 water elementals
  11 wraiths
  18 humans (D:13)
  A tarantella (shapeshifter) (Vaults:3)
  2 fire elementals
  A hog (shapeshifter) (Depths:3)
  2 basilisks
  A black mamba skeleton (Crypt:2)
  A basilisk (shapeshifter) (Elf:1)
  4 hungry ghosts
  2 chaos spawn
  A gelid demonspawn zombie (Crypt:3)
  17 vampire mosquitoes
  9 insubstantial wisps
  2 nagas (Abyss:3)
  3 wargs
  2 acid dragons
  17 swamp worms
  Duvessa (D:5)
  9 water moccasins
  6 porcupines
  2 soldier ants
  A faun skeleton (Crypt:1)
  4 floating eyes
  17 swamp drakes
  A human skeleton (Depths:1)
  An eye of draining (shapeshifter) (Vaults:1)
  64 orc warriors
  4 sky beasts
  5 black bears
  16 necrophages
  2 ice beasts
  42 ogres
  A manticore zombie (Crypt:3)
  3 phantoms
  11 boggarts
  20 wolves
  A hog zombie (Crypt:2)
  17 centaurs
  14 crocodiles
  2 elf zombies (Elf:2)
  6 big kobolds
  Blork the orc (D:5)
  A hippogriff skeleton (Crypt:2)
  13 bullfrogs
  4 earth elementals (Spider:3)
  A gnoll sergeant (D:10)
  Dowan (D:5)
  7 wyvern skeletons
  5 scorpions
  3 killer bees (D:10)
  A water moccasin skeleton (D:8)
  2 human simulacra (Vaults:2)
  A troll zombie (Crypt:3)
  An electric eel (Lair:4)
  13 wights
  A howler monkey (D:8)
  8 crimson imps
  4 small abominations
  3 bullfrog zombies
  2 quasits
  A gnoll shaman (D:9)
  5 hounds
  30 jellies
  5 bullfrog skeletons
  37 orc priests
  3 centaur skeletons
  2 hell rats (Lair:3)
  3 iguanas
  24 orc wizards
  Natasha (thrice) (D:3)
  8 worker ants
  A crocodile zombie (Crypt:2)
  A demigod zombie (Crypt:2)
  A big kobold zombie (Crypt:2)
  3 hound zombies
  3 hound skeletons
  A mummy (Crypt:3)
  A howler monkey zombie (D:7)
  A worker ant zombie (D:5)
  12 gnolls
  15 adders
  6 river rats (Lair:3)
  2 shadow imps
  2 white imps
  2 adder skeletons
  A halfling skeleton (Crypt:2)
  A worm (D:3)
  2 dart slugs
  4 leopard geckos
  114 orcs
  6 bats
  6 giant cockroaches
  15 goblins
  6 hobgoblins
  18 jackals
  4 quokkas
  5 frilled lizards
  A gnoll skeleton (Crypt:1)
  23 kobolds
  A leopard gecko skeleton (D:4)
  An orc zombie (Crypt:3)
  A quokka skeleton (D:6)
  7 rats
  6 briar patches
  A crawling corpse (Elf:3)
  4 fungi
  2 plants (Lair:6)
  6 withered plants (Crypt:3)
2694 creatures vanquished.

Vanquished Creatures (collateral kills)
  2 orbs of fire (Zot:5)
  A tentacled monstrosity (Vaults:4)
  A deep elf blademaster (Elf:3)
  6 Orb Guardians (Zot:5)
  A quicksilver dragon (Vaults:4)
  A deep elf sorcerer (Abyss:3)
  An ironheart preserver (Vaults:2)
  A draconian shifter (Zot:3)
  A black draconian (Zot:3)
  A deep elf demonologist (Elf:3)
  A green draconian (Zot:5)
  2 red draconians
  A white draconian (Zot:5)
  2 deep elf death magi (Elf:3)
  2 vault guards
  A rakshasa (Abyss:3)
  A two-headed ogre (Vaults:2)
  5 death yaks (Lair:6)
  2 deep trolls (Vaults:2)
  An ironbrand convoker (Vaults:2)
  A wolf spider (Spider:2)
  A moth of wrath (Zot:5)
  A vault sentinel (Vaults:2)
  A guardian serpent (Abyss:3)
  A water nymph (Abyss:3)
  A spiny frog (Lair:6)
  A hornet (Spider:3)
  A blink frog (Lair:6)
  A redback (Spider:3)
  2 yaks (Lair:6)
  A water elemental (Abyss:3)
  A centaur (Vaults:2)
47 creatures vanquished.

Vanquished Creatures (others)
  A deep elf master archer (Elf:3)
  A draconian monk (Zot:3)
  A stone giant (Depths:2)
  A deep elf demonologist (Elf:1)
  A white draconian (Zot:5)
  A spark wasp (Spider:4)
  A deep troll shaman (Depths:2)
  A deep elf knight (Elf:1)
  An unseen horror (Vaults:1)
  A deep troll (Depths:2)
  A deep elf archer (Elf:1)
  2 deep elf magi (Elf:1)
  A moth of wrath (Zot:3)
  A demonic crawler (Hell)
  A yaktaur (Vaults:4)
  2 redbacks
  2 insubstantial wisps (Swamp:2)
  2 orc warriors (Depths:4)
  3 orcs
  A bush (Swamp:4)
  21 fungi
  8 plants
55 creatures vanquished.

Grand Total: 2796 creatures vanquished

Notes
Turn   | Place    | Note
-------+----------+-------------------------------------------
     0 | D:1      | Arang the Demonspawn Berserker began the quest for the Orb.
     0 | D:1      | Reached XP level 1. HP: 18/18 MP: 1/1
    32 | D:1      | Gained mutation: You are partially covered in sharp spines.
                  | [demonic ancestry]
    32 | D:1      | Reached XP level 2. HP: 13/24 MP: 2/2
  1261 | D:2      | Gained mutation: You are partially covered in icy blue
                  | scales. (AC +2) [demonic ancestry]
  1261 | D:2      | Reached XP level 3. HP: 19/29 MP: 3/3
  1571 | D:2      | Reached ** piety under Trog
  1668 | D:2      | Gained mutation: You have large cloven feet. [demonic
                  | ancestry]
  1668 | D:2      | Reached XP level 4. HP: 35/35 MP: 4/4
  1702 | D:2      | Reached skill level 1 in Shields
  1777 | D:2      | Found a faded altar of an unknown god.
  2155 | D:2      | Reached XP level 5. HP: 38/42 MP: 5/5
  2304 | D:2      | Found a shimmering blue altar of Sif Muna.
  2573 | D:3      | Noticed Natasha
  2580 | D:3      | Killed Natasha
  2639 | D:3      | Reached XP level 6. HP: 48/48 MP: 6/6
  2696 | D:3      | Noticed Natasha
  2766 | D:3      | Killed Natasha
  2766 | D:3      | Reached *** piety under Trog
  2778 | D:3      | Noticed Natasha
  2785 | D:3      | Killed Natasha
  3015 | D:3      | Found an iron altar of Okawaru.
  3383 | D:4      | Reached skill level 4 in Fighting
  3575 | D:4      | Reached XP level 7. HP: 54/54 MP: 7/7
  3678 | D:4      | Identified the Incunabulum of Excruciating Ignition
  3708 | D:4      | Found an ornate altar of the Wu Jian Council.
  3828 | D:4      | Reached skill level 5 in Axes
  3840 | D:4      | Got a crude large shield
  3851 | D:4      | Identified the +4 large shield of the Leaf {rElec} (You
                  | found it on level 4 of the Dungeon)
  3915 | D:4      | Found a snail-covered altar of Cheibriados.
  4030 | D:5      | Entered Level 5 of the Dungeon
  4030 | D:5      | Noticed Duvessa
  4030 | D:5      | Noticed Dowan
  4035 | D:5      | Killed Duvessa
  4042 | D:5      | Killed Dowan
  4156 | D:5      | Reached skill level 1 in Throwing
  4162 | D:5      | Reached skill level 5 in Armour
  4227 | D:5      | Gained mutation: You are mostly covered in icy blue scales.
                  | (AC +3) [demonic ancestry]
  4227 | D:5      | Reached XP level 8. HP: 55/61 MP: 8/8
  4500 | D:5      | Noticed Blork the orc
  4507 | D:5      | Reached **** piety under Trog
  4508 | D:5      | Killed Blork the orc
  4821 | D:6      | Found a blossoming altar of Fedhas.
  5117 | D:6      | Noticed a troll
  5125 | D:6      | Reached skill level 5 in Shields
  5136 | D:6      | Killed a troll
  5141 | D:6      | Received a gift from Trog
  5221 | D:6      | Noticed a red ugly thing
  5236 | D:6      | Killed a red ugly thing
  5236 | D:6      | Reached skill level 1 in Unarmed Combat
  5236 | D:6      | Gained mutation: When hurt, damage is shared between your
                  | health and your magic reserves. [demonic ancestry]
  5236 | D:6      | Reached XP level 9. HP: 58/66 MP: 9/9
  5623 | D:7      | Found a hide-covered altar of Uskayaw.
  5623 | D:7      | Found a glowing golden altar of the Shining One.
  5826 | D:7      | Found a staircase to the Ecumenical Temple.
  5846 | D:7      | Found a hazy altar of Hepliaklqana.
  6019 | D:7      | Noticed Prince Ribbit
  6265 | D:7      | Killed Prince Ribbit
  6550 | D:8      | Found an opulent altar of Gozag.
  6567 | D:8      | Reached skill level 5 in Fighting
  6729 | D:8      | Noticed Harold
  6743 | D:8      | Killed Harold
  6743 | D:8      | Gained mutation: You regenerate magic rapidly. [demonic
                  | ancestry]
  6743 | D:8      | Reached XP level 10. HP: 74/74 MP: 8/10
  7210 | D:9      | Noticed Maurice
  7210 | D:9      | Paralysed by Maurice for 7 turns
  7512 | D:9      | Found a stormy altar of Qazlal.
  7512 | D:9      | Found a white marble altar of Elyvilon.
  7513 | D:9      | Found a shattered altar of Ashenzari.
  7949 | D:9      | Noticed a gargoyle
  7973 | D:9      | Killed a gargoyle
  7983 | D:9      | Killed Maurice
  8435 | D:10     | Entered Level 10 of the Dungeon
  8476 | D:10     | Reached ***** piety under Trog
  8581 | D:10     | Received a gift from Trog
  8630 | D:10     | Noticed a two-headed ogre
  8641 | D:10     | Killed a two-headed ogre
  8641 | D:10     | Reached XP level 11. HP: 81/81 MP: 3/11
  8802 | D:10     | Noticed a two-headed ogre
  8811 | D:10     | Killed a two-headed ogre
  9068 | D:10     | Killed an unseen horror
  9101 | D:10     | Reached skill level 6 in Fighting
  9277 | D:10     | Found a staircase to the Lair.
  9381 | D:10     | Reached skill level 10 in Shields
  9567 | D:10     | Noticed Gastronok
  9584 | D:10     | Killed Gastronok
  9745 | D:11     | Noticed a centaur warrior
  9757 | D:11     | Killed a centaur warrior
 10006 | D:11     | Found a portal to a secret trove of treasure.
 10009 | D:11     | Noticed a brown ugly thing
 10010 | D:11     | Found a staircase to the Orcish Mines.
 10021 | D:11     | Killed a brown ugly thing
 10292 | D:11     | Reached XP level 12. HP: 89/89 MP: 4/12
 10816 | D:12     | Reached skill level 10 in Axes
 10968 | D:12     | Noticed a two-headed ogre
 10988 | D:12     | Killed a two-headed ogre
 11335 | D:12     | Found a runed translucent door.
 11566 | D:12     | Noticed a centaur warrior
 11579 | D:12     | Killed a centaur warrior
 11684 | D:12     | Reached skill level 7 in Fighting
 11731 | D:12     | Noticed a two-headed ogre
 11752 | D:12     | Killed a two-headed ogre
 11826 | D:12     | Received a gift from Trog
 11829 | D:12     | Got a fine steel ring
 11830 | D:12     | Identified the ring "Lyvepe" {*Tele rF+ Int+2} (You found
                  | it on level 12 of the Dungeon)
 11836 | D:12     | Got a brightly glowing iron amulet
 11845 | D:12     | Got an ancient bone amulet
 11848 | D:12     | Got a sparkling pewter ring
 11849 | D:12     | Identified the ring of Onool {rElec rF+ rN+ Dex+4 SInv}
                  | (You found it on level 12 of the Dungeon)
 11850 | D:12     | Identified the amulet of Siwesaar {Faith rElec rPois rN+
                  | Str+4 Int-4} (You found it on level 12 of the Dungeon)
 11851 | D:12     | Identified the amulet of Twilight {Acrobat rElec rPois MR-
                  | SInv} (You found it on level 12 of the Dungeon)
 12071 | D:13     | Noticed a centaur warrior
 12087 | D:13     | Killed a centaur warrior
 12270 | D:13     | Noticed a two-headed ogre
 12275 | D:13     | Killed a two-headed ogre
 12314 | D:13     | Received a gift from Trog
 12316 | D:13     | Gained mutation: You are mostly covered in sharp spines.
                  | [demonic ancestry]
 12316 | D:13     | Reached XP level 13. HP: 85/96 MP: 3/13
 12429 | D:13     | Found a gate to the Vaults.
 12555 | D:13     | Reached skill level 10 in Armour
 12819 | D:13     | Noticed Erolcha
 12824 | D:13     | Killed Erolcha
 12997 | D:13     | You fall into a shaft and drop 2 floors!
 12997 | D:15     | Entered Level 15 of the Dungeon
 13014 | D:15     | Reached skill level 5 in Throwing
 13115 | D:15     | Reached skill level 1 in Evocations
 13411 | D:13     | Found a sparkling altar of Nemelex Xobeh.
 13415 | D:13     | Reached ****** piety under Trog
 13453 | D:13     | Received a gift from Trog
 13453 | D:13     | Reached skill level 8 in Fighting
 14695 | D:14     | Reached XP level 14. HP: 105/105 MP: 4/14
 15334 | D:15     | Noticed Roxanne
 15368 | D:15     | Killed Roxanne
 15716 | D:15     | Found a staircase to the Depths.
 15850 | D:15     | Received a gift from Trog
 15898 | D:15     | Found a roughly hewn altar of Beogh.
 16140 | Lair:1   | Entered Level 1 of the Lair of Beasts
 17680 | Lair:2   | Got a heavily runed chain mail
 17691 | Lair:2   | Identified the cursed +1 chain mail of Anaesthesia {Str+6
                  | Slay+2} (You found it on level 2 of the Lair of Beasts)
 17987 | Lair:3   | Found a hole to the Spider Nest.
 18060 | Lair:3   | Received a gift from Trog
 18360 | Lair:3   | Reached skill level 9 in Fighting
 18570 | Lair:4   | Found a radiant altar of Vehumet.
 18928 | Lair:4   | Noticed Snorg
 18947 | Lair:4   | Killed Snorg
 19872 | Lair:4   | Found a staircase to the Swamp.
 20739 | Lair:5   | Noticed Urug
 20752 | Lair:5   | Killed Urug
 20893 | Lair:5   | Reached XP level 15. HP: 113/113 MP: 5/15
 21242 | Lair:5   | Reached skill level 1 in Stealth
 21339 | Lair:6   | Entered Level 6 of the Lair of Beasts
 21414 | Lair:6   | Received a gift from Trog
 21913 | Lair:6   | Found a staircase to the Slime Pits.
 22220 | Lair:6   | Received a gift from Trog
 22410 | Lair:6   | Received a gift from Trog
 23529 | Orc:1    | Entered Level 1 of the Orcish Mines
 23552 | Orc:1    | Received a gift from Trog
 23705 | Orc:2    | Entered Level 2 of the Orcish Mines
 24466 | Orc:2    | Found a staircase to the Elven Halls.
 24691 | Orc:1    | Received a gift from Trog
 25010 | Orc:2    | Found Tovu's Food Shoppe.
 25487 | Orc:2    | Found Qihor Seur's General Store.
 25561 | Orc:2    | Bought a potion of heal wounds for 85 gold pieces
 25646 | Orc:2    | Paralysed by an orc sorcerer for 6 turns
 25710 | Orc:2    | Received a gift from Trog
 26045 | Orc:2    | Reached XP level 16. HP: 91/121 MP: 5/16
 26388 | Orc:2    | Found Merag's Gadget Boutique.
 26388 | Orc:2    | Found a one-way gate leading to the halls of Pandemonium.
 26388 | Orc:2    | Found Voegrir's Antique Weapon Shop.
 26424 | Orc:2    | Bought a wand of digging (3) for 154 gold pieces
 26798 | Spider:1 | Entered Level 1 of the Spider Nest
 27301 | Spider:1 | Reached skill level 15 in Shields
 27482 | Spider:1 | Reached skill level 10 in Fighting
 27601 | Spider:1 | Received a gift from Trog
 29039 | Spider:2 | Received a gift from Trog
 29687 | Spider:2 | Identified a scroll of acquirement
 29859 | Spider:2 | Identified a +1 pair of boots of running (You acquired it
                  | on level 2 of the Spider Nest)
 30795 | Spider:2 | Received a gift from Trog
 31455 | Spider:3 | Received a gift from Trog
 31662 | Spider:4 | Entered Level 4 of the Spider Nest
 31666 | Spider:4 | Gained mutation: You have hoof-like feet. [demonic
                  | ancestry]
 31666 | Spider:4 | Reached XP level 17. HP: 129/129 MP: 17/17
 31667 | Spider:4 | Received a gift from Trog
 32201 | Spider:4 | Reached skill level 10 in Throwing
 32974 | Spider:4 | Received a gift from Trog
 32974 | Spider:4 | Reached skill level 11 in Fighting
 32983 | Spider:4 | Paralysed by a hornet for 1 turns
 33422 | Spider:4 | Got a gossamer rune of Zot
 33670 | Spider:4 | Reached skill level 15 in Axes
 34356 | Swamp:1  | Entered Level 1 of the Swamp
 34658 | Swamp:1  | Noticed Nikola
 34700 | Swamp:1  | Killed Nikola
 35017 | Swamp:1  | Received a gift from Trog
 35124 | Swamp:1  | Gained mutation: You expend magic power (3 MP) to
                  | strengthen your wands. [potion of mutation]
 35124 | Swamp:1  | Gained mutation: Your spells are a little harder to cast,
                  | but a little more powerful. [potion of mutation]
 35124 | Swamp:1  | Gained mutation: You have a pair of small horns on your
                  | head. [potion of mutation]
 35874 | Swamp:2  | Received a gift from Trog
 36115 | Swamp:2  | Received a gift from Trog
 36646 | Swamp:3  | Noticed Donald
 36657 | Swamp:3  | Received a gift from Trog
 36665 | Swamp:3  | Killed Donald
 36735 | Swamp:3  | Gained mutation: You have hooves in place of feet. [demonic
                  | ancestry]
 36735 | Swamp:3  | Reached XP level 18. HP: 138/138 MP: 18/18
 36918 | Swamp:3  | Found a transporter.
 37018 | Swamp:3  | Received a gift from Trog
 37214 | Swamp:3  | Found a transporter.
 37659 | Swamp:3  | Reached skill level 5 in Evocations
 37659 | Swamp:3  | Reached XP level 19. HP: 144/144 MP: 18/22
 37696 | Swamp:3  | Got a heavily runed copper ring
 37711 | Swamp:3  | Got a warped amber ring
 37716 | Swamp:3  | Identified the ring of Sila {*Tele Stlth+} (You found it on
                  | level 3 of the Swamp)
 37717 | Swamp:3  | Identified the ring "Xaseinn" {Ice Int+3} (You found it on
                  | level 3 of the Swamp)
 37737 | Swamp:4  | Entered Level 4 of the Swamp
 38204 | Swamp:4  | Received a gift from Trog
 38442 | Swamp:4  | Reached skill level 12 in Fighting
 38748 | Swamp:4  | Got a decaying rune of Zot
 38884 | Swamp:4  | Received a gift from Trog
 39833 | Vaults:1 | Entered Level 1 of the Vaults
 40504 | Vaults:1 | Received a gift from Trog
 41225 | Vaults:1 | Received a gift from Trog
 41568 | Vaults:1 | Reached skill level 13 in Fighting
 41568 | Vaults:1 | Reached XP level 20. HP: 138/156 MP: 20/23
 42010 | Vaults:2 | Lost mutation: You have a pair of small horns on your head.
                  | [potion of mutation]
 42010 | Vaults:2 | Gained mutation: Your body sometimes deteriorates upon
                  | taking damage. [potion of mutation]
 42010 | Vaults:2 | Lost mutation: You expend magic power (3 MP) to strengthen
                  | your wands. [potion of mutation]
 42010 | Vaults:2 | Gained mutation: Scrolls take you a little longer to read.
                  | [potion of mutation]
 42010 | Vaults:2 | Gained mutation: You evolve. [potion of mutation]
 42097 | Vaults:2 | Gained mutation: You have a pair of small horns on your
                  | head. [evolution]
 42134 | Vaults:2 | Received a gift from Trog
 42451 | Vaults:2 | Identified the +0 war axe "Ridwuqo" {freeze, Str+5 Int+2}
                  | (You found it on level 2 of the Vaults)
 42498 | Vaults:2 | Found a large runed translucent door.
 42498 | Vaults:2 | Found a large runed translucent door.
 42499 | Vaults:2 | Found a large runed translucent door.
 42499 | Vaults:2 | Found a large runed translucent door.
 42499 | Vaults:2 | Found a large runed translucent door.
 42499 | Vaults:2 | Found a large runed translucent door.
 42499 | Vaults:2 | Found a large runed translucent door.
 42499 | Vaults:2 | Found a large runed translucent door.
 42499 | Vaults:2 | Noticed SilverFang's ghost (veteran HuFi)
 42669 | Vaults:2 | Received a gift from Trog
 42919 | Vaults:2 | Found a staircase to the Crypt.
 43279 | Vaults:2 | Cast into level 3 of the Abyss (a deep elf sorcerer)
 43413 | Abyss:3  | Found a corrupted altar of Lugonu.
 43452 | Abyss:3  | Found a corrupted altar of Lugonu.
 43461 | Abyss:3  | Noticed a profane servitor
 43482 | Abyss:3  | Killed a profane servitor
 43482 | Abyss:3  | Reached skill level 14 in Fighting
 43483 | Abyss:3  | Found a corrupted altar of Lugonu.
 43528 | Abyss:3  | Found a corrupted altar of Lugonu.
 43611 | Abyss:3  | Found a corrupted altar of Lugonu.
 43623 | Abyss:3  | Received a gift from Trog
 43713 | Abyss:3  | Got an abyssal rune of Zot
 43720 | Vaults:2 | Escaped the Abyss
 43803 | Vaults:2 | Received a gift from Trog
 44147 | Vaults:2 | Received a gift from Trog
 44636 | Vaults:2 | Received a gift from Trog
 44661 | Vaults:2 | Gained mutation: You are completely covered in icy blue
                  | scales. (AC +4, rC+) [demonic ancestry]
 44661 | Vaults:2 | Reached XP level 21. HP: 68/166 MP: 9/24
 45380 | Vaults:3 | Reached skill level 15 in Fighting
 45405 | Vaults:3 | Found Jaistrax's Jewellery Emporium.
 45525 | Vaults:3 | Received a gift from Trog
 45560 | Vaults:3 | Received a gift from Trog
 45885 | Vaults:3 | Noticed Xtahua
 45887 | Vaults:3 | Paralysed by Xtahua for 7 turns
 45901 | Vaults:3 | Killed Xtahua
 45952 | Vaults:3 | Received a gift from Trog
 46145 | Vaults:3 | Noticed Mara
 46152 | Vaults:3 | Noticed Arang's illusion
 46161 | Vaults:3 | Killed Mara
 46172 | Vaults:3 | Found a flickering gateway to a bazaar.
 46182 | Vaults:3 | Bought the ring "Xijuept" {MP+9 Slay+3} for 475 gold pieces
 46219 | Vaults:3 | Noticed Boris
 46226 | Vaults:3 | Reached skill level 15 in Armour
 46235 | Vaults:3 | Killed Boris
 46448 | Vaults:3 | Reached skill level 16 in Fighting
 46587 | Vaults:3 | Received a gift from Trog
 46703 | Vaults:3 | Found a runed translucent door.
 46705 | Vaults:3 | Noticed Majang's ghost (adept OgHu)
 46925 | Vaults:3 | Killed Majang's ghost
 46931 | Vaults:3 | Identified the +1 chain mail of Knowledge {rC+ MR+ Dex+7}
                  | (You found it on level 3 of the Vaults)
 47056 | Vaults:4 | Received a gift from Trog
 47353 | D:13     | Gained mutation: Your flesh is heat resistant. (rF+)
                  | [evolution]
 47910 | Vaults:2 | Killed SilverFang's ghost
 48251 | Vaults:4 | Reached skill level 17 in Fighting
 48552 | Vaults:4 | Gained mutation: You are robust. (+10% HP) [demonic
                  | ancestry]
 48552 | Vaults:4 | Reached XP level 22. HP: 174/199 MP: 25/25
 48624 | Vaults:4 | Received a gift from Trog
 49547 | Depths:1 | Entered Level 1 of the Depths
 49558 | Depths:1 | Received a gift from Trog
 49571 | Depths:1 | Reached skill level 18 in Fighting
 50660 | Depths:1 | Found a one-way gate to the infinite horrors of the Abyss.
 50782 | Depths:1 | Found a gateway to Hell.
 51046 | Depths:1 | Received a gift from Trog
 51088 | Depths:2 | Paralysed by a floating eye for 3 turns
 51270 | Depths:2 | Noticed Sojobo
 51297 | Depths:2 | HP: 2/204 [ettin/+0 great mace (21)]
 51309 | Depths:2 | HP: 10/204 [acid (7)]
 51587 | Depths:2 | Killed Sojobo
 51587 | Depths:2 | Reached skill level 19 in Fighting
 51945 | Depths:2 | Received a gift from Trog
 51994 | Depths:2 | Noticed a juggernaut
 52374 | Depths:2 | Reached XP level 23. HP: 208/213 MP: 26/26
 52886 | Depths:2 | Killed a juggernaut
 53272 | Depths:2 | Got a distressingly furry chain mail
 53306 | Depths:2 | Identified the +2 chain mail of Gyneepla {Dex+4} (You found
                  | it on level 2 of the Depths)
 53505 | Depths:3 | Received a gift from Trog
 53541 | Depths:3 | Found Qaha's Armour Emporium.
 53905 | Depths:3 | Received a gift from Trog
 53975 | Depths:3 | Received a gift from Trog
 54023 | Depths:3 | Noticed the Enchantress
 54039 | Depths:3 | Received a gift from Trog
 54053 | Depths:3 | Killed the Enchantress
 54243 | Depths:3 | Reached skill level 20 in Fighting
 54289 | Depths:3 | Found Revopp's General Store.
 54295 | Depths:3 | Received a gift from Trog
 54304 | Depths:3 | Bought a scroll of magic mapping for 42 gold pieces
 54304 | Depths:3 | Bought 2 potions of might for 96 gold pieces
 54328 | Depths:3 | Noticed Margery
 54341 | Depths:3 | Killed Margery
 54477 | Depths:3 | Got a fine war axe {god gift}
 54478 | Depths:3 | Identified the +6 war axe of Tomorrow {antimagic, *Drain
                  | rPois Str+4} (Trog gifted it to you on level 3 of the
                  | Depths)
 54675 | Depths:3 | Got a coiled steel ring
 54678 | Depths:3 | Identified the ring of Xissevot {Int+3 Dex+4} (You found it
                  | on level 3 of the Depths)
 54917 | Depths:3 | Got a transparent steel ring
 54920 | Depths:3 | Identified the ring of the Amoeba {rC+ MR+ MP+9 Int-3
                  | Dex+7} (You found it on level 3 of the Depths)
 55008 | Depths:3 | Received a gift from Trog
 55031 | Depths:3 | Got a faintly glowing lead ring
 55034 | Depths:3 | Identified the ring of Datwynath {rF+ MR+} (You found it on
                  | level 3 of the Depths)
 55094 | Depths:3 | Noticed a juggernaut
 55107 | Depths:3 | Killed a juggernaut
 55248 | Depths:4 | Noticed Saint Roka
 55266 | Depths:4 | Killed Saint Roka
 55266 | Depths:4 | Reached skill level 21 in Fighting
 55374 | Depths:4 | Gained mutation: You are very robust. (+20% HP) [demonic
                  | ancestry]
 55374 | Depths:4 | Reached XP level 24. HP: 179/249 MP: 26/26
 55387 | Depths:4 | Received a gift from Trog
 55802 | Depths:4 | Paralysed by a floating eye for 3 turns
 55808 | Depths:4 | Reached skill level 15 in Throwing
 55819 | Depths:4 | Found Nuegec's Weapon Shop.
 55908 | Depths:4 | Found Icsim's Magic Scroll Shop.
 55916 | Depths:4 | Bought a scroll of identify for 42 gold pieces
 55916 | Depths:4 | Bought a scroll of identify for 42 gold pieces
 55916 | Depths:4 | Bought a scroll of teleportation for 63 gold pieces
 55916 | Depths:4 | Bought a scroll of teleportation for 63 gold pieces
 56146 | Depths:4 | Found Bumus's Food Shoppe.
 56336 | Depths:4 | Noticed Louise
 56341 | Depths:4 | Killed Louise
 56471 | Depths:4 | Noticed a juggernaut
 56600 | Depths:5 | Entered Level 5 of the Depths
 56691 | Depths:5 | Received a gift from Trog
 56758 | Depths:5 | Found a gateway to a ziggurat.
 57342 | Depths:5 | Found a gate to the Realm of Zot.
 57883 | Crypt:1  | Entered Level 1 of the Crypt
 58196 | Crypt:1  | Found an ancient bone altar of Kikubaaqudgha.
 58204 | Crypt:1  | Received a gift from Trog
 58240 | Crypt:1  | Received a gift from Trog
 58278 | Crypt:1  | Noticed Boris
 58291 | Crypt:1  | Killed Boris
 58291 | Crypt:1  | Reached skill level 22 in Fighting
 58921 | Crypt:1  | Lost mutation: Scrolls take you a little longer to read.
                  | [evolution]
 59834 | Crypt:3  | Entered Level 3 of the Crypt
 59936 | Crypt:3  | Received a gift from Trog
 60032 | Crypt:3  | Gained mutation: You are completely covered in sharp
                  | spines. [demonic ancestry]
 60032 | Crypt:3  | Reached XP level 25. HP: 251/261 MP: 26/26
 60504 | Crypt:3  | Found a staircase to the Tomb.
 60880 | Crypt:3  | Found a basalt altar of Yredelemnul.
 60902 | Crypt:3  | Received a gift from Trog
 61217 | Crypt:3  | Found the +7 pair of quick blades "Gyre" and "Gimble"
                  | {protect}
 61228 | Crypt:3  | Reached skill level 23 in Fighting
 61283 | Crypt:3  | Received a gift from Trog
 62250 | Elf:1    | Entered Level 1 of the Elven Halls
 62534 | Elf:1    | Found Jouhoxeff's Armour Emporium.
 63228 | Elf:1    | Received a gift from Trog
 63594 | Elf:1    | Received a gift from Trog
 63686 | Elf:2    | Noticed Asterion
 63802 | Elf:2    | Killed Asterion
 64106 | Elf:2    | Found a huge runed translucent gate.
 64106 | Elf:2    | Found a huge runed translucent gate.
 64106 | Elf:2    | Found a huge runed translucent gate.
 64106 | Elf:2    | Found a huge runed translucent gate.
 64106 | Elf:2    | Found a huge runed translucent gate.
 64401 | Elf:2    | Found Hogigh's Jewellery Emporium.
 64646 | Elf:2    | Received a gift from Trog
 64652 | Elf:2    | Identified the +7 hand axe of Abuse {chop, Int+5} (Trog
                  | gifted it to you on level 2 of the Elven Halls)
 64885 | Elf:2    | Reached skill level 24 in Fighting
 64965 | Elf:3    | Entered Level 3 of the Elven Halls
 65490 | Elf:3    | Identified the +10 broad axe of Vacephie {pain, +Fly}
 65505 | Elf:3    | Received a gift from Trog
 65559 | Elf:3    | Identified the +10 halberd of Offence {chop, rPois rC++
                  | Int-5 SInv}
 65879 | Elf:3    | Received a gift from Trog
 65980 | Elf:3    | Identified the +8 quarterstaff "Qaucw" {crush, rC+ Str+7}
 65991 | Elf:3    | Gained mutation: When low on magic, you restore magic in
                  | place of health. [demonic ancestry]
 65991 | Elf:3    | Reached XP level 26. HP: 231/277 MP: 9/26
 66114 | Elf:3    | Identified the +1 leather armour "Ronema" {-Tele rPois
                  | Str+4}
 66144 | Elf:3    | Identified the ring "Ditegaic" {+Fly Dex+3}
 66438 | Elf:3    | Noticed Bai Suzhen
 66954 | D:13     | Gained mutation: You are extremely robust. (+30% HP)
                  | [evolution]
 67194 | Elf:3    | Killed Bai Suzhen
 67369 | Elf:3    | Identified the +5 war axe "Oxkoik" {elec, Str+8} (You found
                  | it on level 3 of the Elven Halls)
 67930 | Vaults:5 | Entered Level 5 of the Vaults
 67936 | Vaults:5 | Reached skill level 5 in Dodging
 67944 | Vaults:5 | Received a gift from Trog
 68423 | Vaults:5 | Received a gift from Trog
 68451 | Vaults:5 | Received a gift from Trog
 68991 | Vaults:5 | Got a twitching bronze ring
 69000 | Vaults:5 | Found the +7 Spriggan's Knife {stab, EV+4 Stlth+}
 69158 | Vaults:5 | Got a silver rune of Zot
 69255 | Vaults:5 | Received a gift from Trog
 69725 | Vaults:5 | Identified the ring "Vauzxaar" {Ice +Blink rPois Str+3
                  | Int-3} (You found it on level 5 of the Vaults)
 69983 | Hell     | Entered the Vestibule of Hell
 69983 | Hell     | Noticed Geryon
 69999 | Hell     | Killed Geryon
 70006 | Hell     | Received a gift from Trog
 70015 | Depths:1 | Mutation became permanent: You are very robust. (+20% HP)
                  | [demonic ancestry]
 70015 | Depths:1 | Gained mutation: You are extremely robust. (+30% HP)
                  | [demonic ancestry]
 70015 | Depths:1 | Reached XP level 27. HP: 270/309 MP: 12/26
 70371 | D:11     | You paid a toll of the horn of Geryon to enter a treasure
                  | trove
 70372 | Trove    | Entered a treasure trove
 70375 | Trove    | Found the +8 orange crystal plate armour {Archmagi, Int+3
                  | Clar}
 70379 | Trove    | Identified the +0 pair of gloves "Poudghett" {Dex+2} (You
                  | found it in a treasure trove)
 70385 | Trove    | Identified the +0 hat of Okawaru {-Tele rElec rC+ Int+4}
                  | (You found it in a treasure trove)
 70773 | Zot:1    | Entered Level 1 of the Realm of Zot
 71184 | Zot:1    | Found a sacrificial altar of Ru.
 71307 | Zot:1    | Found a transporter.
 71323 | Zot:1    | Found a transporter.
 71707 | Zot:1    | Received a gift from Trog
 71719 | Zot:1    | Identified the cursed -2 helmet of Watchfulness {rC++
                  | Dex+2} (You found it on level 1 of the Realm of Zot)
 72601 | Zot:2    | Received a gift from Trog
 73407 | Zot:3    | Received a gift from Trog
 73901 | Zot:3    | Received a gift from Trog
 74034 | Zot:3    | Received a gift from Trog
 74375 | Zot:3    | Received a gift from Trog
 75394 | Zot:3    | Noticed an orb of fire
 76718 | Zot:5    | Entered Level 5 of the Realm of Zot
 76815 | Zot:5    | Received a gift from Trog
 76973 | Zot:5    | Received a gift from Trog
 77371 | Zot:5    | Noticed an orb of fire
 77386 | Zot:5    | Gained mutation: Your magical capacity is low. (-10% MP)
                  | [an orb of fire]
 77389 | Zot:5    | Killed an orb of fire
 77389 | Zot:5    | Reached skill level 25 in Fighting
 77436 | Zot:5    | Noticed an orb of fire
 77443 | Zot:5    | Killed an orb of fire
 77734 | Zot:5    | Upgraded the game from 0.24-a0-536-gdd4cf15266 to
                  | 0.24-a0-537-g2d01d4ab0a
 77787 | Zot:5    | Received a gift from Trog
 77795 | Zot:5    | Noticed an orb of fire
 77808 | Zot:5    | Killed an orb of fire
 77833 | Zot:5    | Noticed an orb of fire
 77833 | Zot:5    | Noticed an ancient lich
 77837 | Zot:5    | Killed an ancient lich
 77843 | Zot:5    | Noticed an ancient lich
 77844 | Zot:5    | Killed an orb of fire
 77850 | Zot:5    | Received a gift from Trog
 77864 | Zot:5    | Killed an ancient lich
 77901 | Zot:5    | Reached skill level 10 in Evocations
 78081 | Zot:5    | Got the Orb of Zot
 78085 | Zot:5    | Noticed an orb of fire
 78112 | Zot:4    | Lost mutation: Your magical capacity is low. (-10% MP)
                  | [evolution]
 78702 | D:$      | Escaped with the Orb!

Levels and vault maps discovered:
D:1:      evilmike_arrival_plus, layout_basic
D:2:      layout_loops_corners, lemuel_blue_sif_altar,
          chequers_ecumenical_altar_island
D:3:      layout_basic, old_standard_altar, uniq_natasha
D:4:      layout_loops_ring, nicolae_overflow_crystal_walls,
          kennysheep_little_box, first_ration
D:5:      layout_loops_ring, uniq_duvessa, uniq_blork_the_orc
D:6:      minmay_chambers_of_sixes, layout_gridville, fedhas_altar_1
D:7:      layout_gridville, lemuel_crystal_altar, grunt_temple_overflow_open,
          minmay_temple_entry_grid, minmay_misc_feat_tower, uniq_prince_ribbit1
D:8:      layout_cave_pools, overflow_temple_1_default, grunt_pizzeria,
          hangedman_decor_growths, uniq_harold
D:9:      layout_loops_corners, gammafunk_temple_overflow_claw, uniq_maurice
D:10:     layout_roguey, david_lair_generic, uniq_gastronok
D:11:     layout_basic, david_orc_2, enter_trove_1
D:12:     minmay_the_grid_triangle_9x9_rhombus_thin
          [minmay_the_grid_triangle_9x9_semitri,
          minmay_the_grid_triangle_9x9_prize_special,
          minmay_the_grid_triangle_9x9_flanged_cone,
          minmay_the_grid_triangle_9x9_subtriangle], layout_basic
D:13:     layout_basic, grunt_vaults_entry_tiered, basic_altar, uniq_erolcha
D:14:     layout_cave_pods, serial_column_ruins, column_ruins_grid_2,
          column_ruins_corridor_straight, column_ruins_grid_2,
          column_ruins_open_tiny, column_ruins_open_small
D:15:     hangedman_depths_entry_try_elsewhere_first, layout_basic, special_room
          [special_room_orc], uniq_roxanne
Lair:1:   layout_chaotic_city, serial_bayou_pond_c
Lair:2:   layout_misc_corridors
Lair:3:   layout_chaotic_city, spider_nest_entry_a, kennysheep_rathole
Lair:4:   layout_small_grid, nicolae_swamp_entry_splash_gauntlet, basic_altar,
          uniq_snorg
Lair:5:   layout_regular_city, beast_lair_carwin_5, grunt_megastairs_3,
          uniq_urug
Lair:6:   minmay_lair_end_enchanted_forest, layout_layer_cave,
          minmay_slime_entry_pillars, serial_bayou_shore_a
Swamp:1:  layout_basic_swamp, evilmike_swamp_ruin_house_4, uniq_nikola
Swamp:2:  layout_falls_marsh, evilmike_swamp_ruin_rubble_2
Swamp:3:  gammafunk_its_a_trap, layout_falls_marsh, evilmike_swamp_ruin_house_1,
          uniq_donald
Swamp:4:  grunt_swamp_rune_castle, layout_basic_swamp
Spider:1: layout_chambers, nicolae_spider_shape
Spider:2: layout_spider_delve
Spider:3: layout_spider_delve, hangedman_stitches_earthworm
Spider:4: spider_rune_water
Orc:1:    layout_caves
Orc:2:    pf_orc_diabolical, layout_diamond_mine
Elf:1:    eino_elf_arrival_customs, layout_gridlike, hangedman_elf_represent,
          lemuel_flame_loot_1, minmay_shop_star
Elf:2:    layout_loops_corners, serial_shops, nicolae_shop_behind_doors,
          minmay_elf_necromancy, uniq_asterion
Elf:3:    grunt_elf_hall_branching, layout_geoelf_castle, drop_trap,
          uniq_bai_suzhen
Vaults:1: v_misc_24, ontoclasm_vaults_twist, ontoclasm_vaults_pinch,
          hangedman_vaults_snaps, v_pattern_1, vaults_room_pool, v_rooms_2,
          vaults_mumra_minichess, nicolae_vaults_angled_halls, v_rooms_3,
          st_hourglassy, layout_vaults_big_room
Vaults:2: advil_vaults_ghost_lines, hangedman_vaults_slice, v_misc_3,
          vaults_room_pools, nicolae_vaults_theta, vaults_dpeg_hooks,
          hangedman_vaults_slice, nicolae_vaults_diagonal_hallway_9,
          hangedman_vaults_stretched_pinwheel,
          minmay_crypt_entry_simple_corners, v_alt_pattern_6, v_misc_11,
          hangedman_vaults_stretched_pinwheel, v_misc_14, layout_vaults_omnigrid
Vaults:3: gammafunk_vaults_ghost_grave, hangedman_vaults_stretched_pinwheel,
          v_misc_13, hangedman_vaults_stretched_pinwheel,
          hangedman_vaults_stitches, vaults_room_pools, v_misc_2,
          hangedman_vaults_pinch, vaults_room_fours, ontoclasm_vaults_fault,
          layout_vaults_ring, serial_shops, bzr_entry_islet,
          nicolae_shop_waterfront, uniq_boris, uniq_xtahua, uniq_mara
Vaults:4: v_misc_3, nicolae_vaults_inception_corners, v_pattern_4, kb_rosetta,
          grunt_vaults_diagonal, nicolae_vaults_rhombus_6,
          ontoclasm_vaults_ring_square, vaults_mumra_minichess_inversion,
          nicolae_vaults_back_hallway, nicolae_vaults_theta, v_alt_pattern_3,
          v_misc_11, layout_vaults_maze_bifur
Vaults:5
Crypt:1:  layout_basic, basic_altar
Crypt:2:  layout_basic
Crypt:3:  evilmike_haunted_forest
Depths:1: layout_cross, hell_entry, abyss_entry, library_closet
Depths:2: giant_chief_lemuel, layout_cave_pools, pf_coc_iceberg,
          minmay_staircase_statues, abyss_entry, uniq_sojobo
Depths:3: hangedman_spin_cycle, pan_entry, hell_entry, uniq_enchantress
Depths:4: evilmike_inaccessible_box, layout_basic, serial_shops,
          nicolae_shop_trees, shop_fountains,
          nicolae_shop_temple_entry_statues_fountains, grunt_hell_entry_dis_old,
          nicolae_abyss_entry_one_way_or_another, minmay_tree_intersection,
          rand_demon_pan_entry_3, minmay_staircase_bubble, serial_bayou_shore_b,
          uniq_saint_roka
Depths:5: evilmike_zot_entry_round, layout_gridlike, enter_ziggurat_d,
          hell_entry, kennysheep_pointless_box
Hell
Zot:1:    gammafunk_sealed_arena, layout_misc_corridors, basic_altar,
          st_single_dragon_hoard_2
Zot:2:    layout_onion_interference
Zot:3:    lemuel_acid_trip, layout_onion_interference, nrook_zot_tub
Zot:4:    layout_basic, st_small_dragon_hoard_1, grunt_ministairs_9
Zot:5:    layout_twisted_circle

Skill      XL: |  1  2  3  4  5  6  7  8  9 10 11 12 13 14 15 16 17 18 19 20 21 22 23 24 25 26 27 |
---------------+----------------------------------------------------------------------------------+-----
Axes           | 3 4 5 6 7 8 9 11 12 13 14 15 16 17 | 17.9
Armour         | 2 3 4 5 6 7 8 9 10 11 12 13 14 15 16 17 18 19 21 22 | 22.0
Shields        | 1 2 3 5 7 9 10 12 13 14 15 16 18 | 18.9
Fighting       | 4 5 6 7 8 9 10 11 13 14 17 19 21 22 24 25 | 25.4
Throwing       | 1 2 3 4 5 6 7 9 11 12 13 14 16 20 | 20.7
Unarmed Combat | 1 |  1.3
Evocations     | 1 5 10 | 10.3
Stealth        | 3 4 |  4.0
Dodging        | 4 6 |  6.8
Polearms       | |  0.6

Action                   |  1- 3 |  4- 6 |  7- 9 | 10-12 | 13-15 | 16-18 | 19-21 | 22-24 | 25-27 || total
-------------------------+-------+-------+-------+-------+-------+-------+-------+-------+-------++-------
Melee: Hand axe          |    79 |   125 |   320 |   156 |       |       |       |       |       ||   680
       Kick              |       |    34 |   112 |   183 |   573 |   141 |   590 |   668 |   771 ||  3072
       Unarmed           |       |       |     6 |    14 |    43 |       |     7 |       |       ||    70
       Broad axe         |       |       |       |   467 |  1133 |   850 |  1156 |  1237 |  1395 ||  6238
       Spear             |       |       |       |       |    38 |       |       |       |       ||    38
       Headbutt          |       |       |       |       |       |    55 |   371 |   395 |   487 ||  1308
Throw: Dart              |       |    12 |    40 |    78 |   419 |   577 |    16 |       |    16 ||  1158
       Javelin           |       |       |       |     2 |    55 |    27 |    17 |     4 |   164 ||   269
       Boomerang         |       |       |       |       |       |     2 |   106 |   185 |   242 ||   535
Invok: Berserk           |     2 |     4 |     4 |    15 |    15 |     4 |     6 |     5 |     2 ||    57
       Trog's Hand       |       |     1 |     2 |     8 |    10 |     2 |    12 |     6 |    14 ||    55
       Brothers in Arms  |       |       |       |       |     2 |     3 |     8 |       |     9 ||    22
Evoke: Wand              |       |       |       |       |    13 |       |       |     4 |     2 ||    19
  Use: Scroll            |       |       |       |    16 |     3 |    24 |    11 |    17 |    32 ||   103
       Potion            |       |       |       |       |     1 |     6 |    11 |     7 |    23 ||    48
 Stab: Invisible         |       |       |       |       |       |       |     2 |       |       ||     2
       Distracted        |       |       |       |       |       |       |    11 |     1 |     1 ||    13
       Petrified         |       |       |       |       |       |       |       |    12 |       ||    12
       Petrifying        |       |       |       |       |       |       |       |     2 |       ||     2
       Confused          |       |       |       |       |       |       |       |       |     1 ||     1
  Eat: Chunk             |     4 |    10 |    13 |    36 |    54 |    12 |    26 |    28 |    18 ||   201
       Ration            |       |       |       |     1 |     3 |     9 |     7 |     6 |    15 ||    41
Armor: Animal skin       |    19 |       |       |       |       |       |       |       |       ||    19
       Ring mail         |    14 |    27 |       |       |       |       |       |       |       ||    41
       Chain mail        |       |     4 |    38 |       |   112 |     4 |       |       |       ||   158
       Plate armour      |       |       |    44 |   205 |   130 |   522 |   439 |   630 |   302 ||  2272
       Skin              |       |       |     2 |     1 |       |       |       |       |       ||     3
       Gold dragon scale |       |       |       |       |       |       |       |       |   227 ||   227
Dodge: Dodged            |    53 |    50 |    32 |    45 |   112 |   200 |   248 |   255 |   199 ||  1194
Block: Buckler           |     6 |    16 |     6 |       |       |       |       |       |       ||    28
       Large shield      |       |       |   267 |   649 |  1259 |  1138 |       |       |       ||  3313
       Shield            |       |       |       |       |       |    39 |   761 |   719 |  1364 ||  2883
       Reflection        |       |       |       |       |       |       |       |    15 |    21 ||    36

Table legend:
 A = Non-vault XP
 B = Vault XP
 C = Vault XP percentage of total XP
 D = Non-vault monster count
 E = Vault monster count
 F = Vault count percentage of total count
                 A         B        C        D         E       F
            +---------+---------+-------+---------+---------+-------
      Total |  906437 |  893228 |  49.6 |    1703 |    1030 |  37.7
            +---------+---------+-------+---------+---------+-------
        D:1 |      37 |       0 |   0.0 |      18 |       0 |   0.0
        D:2 |     161 |       0 |   0.0 |      34 |       0 |   0.0
        D:3 |     286 |      33 |  10.3 |      29 |       1 |   3.3
        D:4 |     306 |       0 |   0.0 |      11 |       0 |   0.0
        D:5 |     672 |     328 |  32.8 |      21 |       3 |  12.5
        D:6 |     369 |    1188 |  76.3 |       9 |       6 |  40.0
        D:7 |     783 |     274 |  25.9 |      15 |       1 |   6.2
        D:8 |     916 |    1155 |  55.8 |      11 |       2 |  15.4
        D:9 |    2481 |     472 |  16.0 |      27 |       1 |   3.6
       D:10 |    6591 |    2906 |  30.6 |      49 |       5 |   9.3
       D:11 |    3161 |     271 |   7.9 |      32 |       6 |  15.8
       D:12 |    4527 |    6155 |  57.6 |      30 |      18 |  37.5
       D:13 |   12205 |    8570 |  41.3 |      60 |      26 |  30.2
       D:14 |   10283 |       0 |   0.0 |      26 |       0 |   0.0
       D:15 |   15350 |    7033 |  31.4 |      44 |      31 |  41.3
     Lair:1 |    2443 |       0 |   0.0 |      10 |       0 |   0.0
     Lair:2 |    3561 |       0 |   0.0 |      13 |       0 |   0.0
     Lair:3 |    1740 |     459 |  20.9 |      10 |      10 |  50.0
     Lair:4 |    4073 |    1767 |  30.3 |      13 |       5 |  27.8
     Lair:5 |    5728 |    2526 |  30.6 |      21 |       8 |  27.6
     Lair:6 |   19862 |    8263 |  29.4 |      55 |      46 |  45.5
    Swamp:1 |   12211 |    3668 |  23.1 |      27 |       1 |   3.6
    Swamp:2 |   14708 |       0 |   0.0 |      40 |       0 |   0.0
    Swamp:3 |   10615 |    7098 |  40.1 |      34 |       7 |  17.1
    Swamp:4 |   10644 |   17950 |  62.8 |      30 |      34 |  53.1
   Spider:1 |   20720 |    4362 |  17.4 |      68 |       8 |  10.5
   Spider:2 |   19612 |       0 |   0.0 |      46 |       0 |   0.0
   Spider:3 |   12525 |    3273 |  20.7 |      37 |      12 |  24.5
   Spider:4 |   16388 |   23868 |  59.3 |      32 |      39 |  54.9
      Orc:1 |    2238 |       0 |   0.0 |      30 |       0 |   0.0
      Orc:2 |    3299 |   15970 |  82.9 |      30 |      65 |  68.4
      Elf:1 |   14247 |    7006 |  33.0 |      23 |      11 |  32.4
      Elf:2 |   10864 |   25224 |  69.9 |      18 |      34 |  65.4
      Elf:3 |   12300 |   52852 |  81.1 |      18 |      34 |  65.4
   Vaults:1 |   41177 |   22535 |  35.4 |      80 |      29 |  26.6
   Vaults:2 |   54803 |   25338 |  31.6 |      76 |      31 |  29.0
   Vaults:3 |   40607 |   46655 |  53.5 |      62 |      35 |  36.1
   Vaults:4 |   33432 |   38774 |  53.7 |      46 |      48 |  51.1
   Vaults:5 |   38757 |  101413 |  72.4 |      56 |      76 |  57.6
    Crypt:1 |   34054 |       0 |   0.0 |      41 |       0 |   0.0
    Crypt:2 |   22643 |       0 |   0.0 |      29 |       0 |   0.0
    Crypt:3 |       0 |   72014 | 100.0 |       0 |     110 | 100.0
   Depths:1 |   50815 |    2004 |   3.8 |      67 |       3 |   4.3
   Depths:2 |   44292 |   44618 |  50.2 |      53 |      34 |  39.1
   Depths:3 |     256 |   96945 |  99.7 |       1 |     100 |  99.0
   Depths:4 |   33432 |   23136 |  40.9 |      32 |      22 |  40.7
   Depths:5 |   42646 |   16520 |  27.9 |      37 |      12 |  24.5
       Hell |    8865 |    7332 |  45.3 |      12 |       8 |  40.0
      Zot:1 |   31082 |   18911 |  37.8 |      16 |      10 |  38.5
      Zot:2 |   33852 |       0 |   0.0 |      21 |       0 |   0.0
      Zot:3 |   44390 |   36397 |  45.1 |      35 |      44 |  55.7
      Zot:4 |   13511 |    8393 |  38.3 |       5 |       4 |  44.4
      Zot:5 |   70524 |  114140 |  61.8 |      40 |      33 |  45.2
    Abyss:3 |   11393 |   15432 |  57.5 |      23 |      17 |  42.5
            +---------+---------+-------+---------+---------+-------
